IL
COLUMBUS JETS @ BUFFALO BISONS
08/02/1982
 
TOP OF THE 1ST
Columbus Jets batting - Pitching for Buffalo Bisons : RHP Gary Hartsock
Pitching: RHP Gary Hartsock
Batting: RHB Greg Schultz 0-0: Ball
1-0: Ball
2-0: Called Strike
2-1: DOUBLE (Groundball, 5L, EV 106.3 MPH)
Batting: RHB Jim Maler 0-0: Ball
1-0: Ball
2-0: Ball
3-0: Called Strike
3-1: Base on Balls
Batting: RHB Danny Tartabull 0-0: Called Strike
0-1: Foul Ball, location: 2F
0-2: Ball
1-2: Reached on error, E1 (Groundball, 34S, EV 66.9 MPH)
Greg Schultz to third
Jim Maler to second
Batting: LHB Larry Sheets 0-0: Ball
1-0: GRAND SLAM HOME RUN (Flyball, 9D, EV 101.3 MPH), Distance : 361 ft
Batting: RHB Jackie Gutierrez 0-0: Ball
1-0: Swinging Strike
1-1: Swinging Strike
1-2: Foul Ball, location: 2F
1-2: Fly out, F8 (Flyball, 8RD, EV 100.0 MPH)
Batting: LHB Paul Hollins 0-0: Called Strike
0-1: Swinging Strike
0-2: Ball
1-2: Ball
2-2: SINGLE (Flyball, 5D, EV 89.4 MPH)
Batting: RHB Michael Ventress 0-0: Ball
1-0: Ball
2-0: Ball
3-0: Base on Balls
Paul Hollins to second
Batting: RHB Glenn Goya 0-0: Called Strike
0-1: Fly out, F7 (Line Drive, 7, EV 84.4 MPH)
Batting: RHB Ray Smith 0-0: Fly out, F8 (Flyball, 8LM, EV 79.4 MPH)
Top of the 1st over - 4 runs, 3 hits, 1 error, 2 left on base; Columbus 4 - Buffalo 0
BOTTOM OF THE 1ST
Buffalo Bisons batting - Pitching for Columbus Jets : LHP Larry Edwards
Pitching: LHP Larry Edwards
Batting: RHB Juan Villa 0-0: Foul Ball, location: 2F
0-1: Foul Ball, location: 2F
0-2: SINGLE (Groundball, 4D, EV 94.4 MPH)
Batting: RHB Carlos Matamoros 0-0: Ball
1-0: Called Strike
1-1: Ball
2-1: Ball
3-1: Called Strike
3-2: Reached on error, E6 (Groundball, 6S, EV 90.6 MPH)
Juan Villa to second
Batting: SHB George D Wright 0-0: Called Strike
0-1: Fly out, F8 (Line Drive, 8RM, EV 91.3 MPH)
Batting: LHB Gary Rajsich 0-0: Ball
1-0: Foul Ball, location: 2F
1-1: Fly out, F9 (Flyball, 9D, EV 98.8 MPH)
Runner from 2nd tags up, SAFE at 3rd, no throw by RF
Batting: RHB Bill Bathe 0-0: Ball
1-0: Called Strike
1-1: SINGLE (Groundball, P, EV 84.4 MPH) (infield hit)
Juan Villa scores
Carlos Matamoros to second
Batting: RHB John Seefried 0-0: Foul Ball, location: 2F
0-1: Ball
1-1: Ball
2-1: Fly out, F7 (Flyball, 7LM, EV 97.5 MPH)
Bottom of the 1st over - 1 run, 2 hits, 1 error, 2 left on base; Columbus 4 - Buffalo 1
TOP OF THE 2ND
Columbus Jets batting - Pitching for Buffalo Bisons : RHP Gary Hartsock
Batting: RHB Greg Schultz 0-0: Called Strike
0-1: Ground out 1-3 (Groundball, 15S, EV 62.5 MPH)
Batting: RHB Jim Maler 0-0: Fly out, F8 (Flyball, 8LXD, EV 99.4 MPH)
Batting: RHB Danny Tartabull 0-0: Ball
1-0: Ground out 6-3 (Groundball, 6, EV 100.0 MPH)
Top of the 2nd over - 0 runs, 0 hits, 0 errors, 0 left on base; Columbus 4 - Buffalo 1
BOTTOM OF THE 2ND
Buffalo Bisons batting - Pitching for Columbus Jets : LHP Larry Edwards
Batting: LHB Doe Boyland 0-0: Ball
1-0: Ground out U3 (Groundball, 3, EV 79.4 MPH)
Batting: RHB Pat Keedy 0-0: Foul Ball, location: 2F
0-1: Called Strike
0-2: Ball
1-2: Fly out, F8 (Flyball, 8RM, EV 85.0 MPH)
Batting: LHB Bob Skube 0-0: Called Strike
0-1: Called Strike
0-2: Strikes out swinging
Bottom of the 2nd over - 0 runs, 0 hits, 0 errors, 0 left on base; Columbus 4 - Buffalo 1
TOP OF THE 3RD
Columbus Jets batting - Pitching for Buffalo Bisons : RHP Gary Hartsock
Batting: LHB Larry Sheets 0-0: Fly out, F7 (Flyball, 78S, EV 87.5 MPH)
Batting: RHB Jackie Gutierrez 0-0: Swinging Strike
0-1: Ground out 6-3 (Groundball, 56, EV 79.4 MPH)
Batting: LHB Paul Hollins 0-0: Ball
1-0: Foul Ball, location: 2F
1-1: Foul Ball, location: 2F
1-2: Ball
2-2: Fly out, F4 (Popup, 4, EV 71.9 MPH)
Top of the 3rd over - 0 runs, 0 hits, 0 errors, 0 left on base; Columbus 4 - Buffalo 1
BOTTOM OF THE 3RD
Buffalo Bisons batting - Pitching for Columbus Jets : LHP Larry Edwards
Batting: RHB Juan Villa 0-0: Foul Ball, location: 2F
0-1: Foul Ball, location: 2F
0-2: Foul Ball, location: 2F
0-2: Ball
1-2: Ball
2-2: Ball
3-2: Ground out 6-3 (Groundball, 56, EV 85.0 MPH)
Batting: RHB Carlos Matamoros 0-0: Ball
1-0: Foul Ball, location: 2F
1-1: SINGLE (Groundball, 25, EV 66.3 MPH) (infield hit)
Batting: SHB George D Wright 0-0: Fielders Choice at 2nd, 4-6 (Groundball, 4, EV 83.8 MPH)
Batting: LHB Gary Rajsich 0-0: Called Strike
0-1: Ball
1-1: Ball
2-1: Foul Ball, location: 2F
2-2: SINGLE (Line Drive, 8RS, EV 93.8 MPH)
George D Wright to second
Runner from 2nd tries for 3rd, SAFE, no throw by CF
Batting: RHB Bill Bathe 0-0: Ball
1-0: Foul Ball, location: 2F
1-1: Called Strike
1-2: Strikes out swinging
Bottom of the 3rd over - 0 runs, 2 hits, 0 errors, 2 left on base; Columbus 4 - Buffalo 1
TOP OF THE 4TH
Columbus Jets batting - Pitching for Buffalo Bisons : RHP Gary Hartsock
Batting: RHB Michael Ventress 0-0: Ball
1-0: Foul Ball, location: 2F
1-1: Called Strike
1-2: Foul Ball, location: 2F
1-2: Ball
2-2: DOUBLE (Groundball, 5L, EV 105.0 MPH)
Batting: RHB Glenn Goya 0-0: Ball
1-0: Called Strike
1-1: Ground out 4-3 (Groundball, 4, EV 90.0 MPH)
Michael Ventress to third
Batting: RHB Ray Smith 0-0: Called Strike
0-1: DOUBLE (Line Drive, 8RD, EV 108.1 MPH)
Michael Ventress scores
Batting: RHB Greg Schultz 0-0: Ball
1-0: Ball
2-0: Ball
3-0: Base on Balls
Batting: RHB Jim Maler 0-0: Called Strike
0-1: Ball
1-1: Foul Ball, location: 2F
1-2: SINGLE (Flyball, 3D, EV 95.6 MPH)
Ray Smith to third
Greg Schultz to second
Runner from 3rd tries for Home, SAFE, throw by RF to home
Pitching: LHP Richard Graser
Batting: RHB Danny Tartabull 0-0: Ball
1-0: Swinging Strike
1-1: TRIPLE (Flyball, 78XD, EV 93.1 MPH)
Greg Schultz scores
Jim Maler scores
Batting: LHB Larry Sheets 0-0: Called Strike
0-1: Foul Ball, location: 2F
0-2: Ball
1-2: Foul Ball, location: 2F
1-2: SINGLE (Line Drive, 8LS, EV 93.1 MPH)
Danny Tartabull scores
Batting: RHB Jackie Gutierrez 0-0: Called Strike
0-1: Hit by Pitch
Larry Sheets to second
Batting: LHB Paul Hollins 0-0: Foul Ball, location: 2F
0-1: Ball
1-1: Ball
2-1: Foul Ball, location: 2F
2-2: Single, Error in OF, E9, batter to second base (Line Drive, 9S, EV 89.4 MPH)
Larry Sheets scores
Jackie Gutierrez to third
Batting: RHB Michael Ventress 0-0: Called Strike
0-1: Ball
1-1: Ground out 6-3 (Groundball, 6, EV 99.4 MPH)
Jackie Gutierrez scores
Batting: RHB Glenn Goya 0-0: Fly out, F8 (Flyball, 89M, EV 82.5 MPH)
Top of the 4th over - 7 runs, 6 hits, 1 error, 1 left on base; Columbus 11 - Buffalo 1
BOTTOM OF THE 4TH
Buffalo Bisons batting - Pitching for Columbus Jets : LHP Larry Edwards
Batting: RHB John Seefried 0-0: Ground out 5-3 (Groundball, 5S, EV 79.4 MPH)
Batting: LHB Doe Boyland 0-0: Ball
1-0: Fly out, F5 (Popup, 5, EV 83.1 MPH)
Batting: RHB Pat Keedy 0-0: Ball
1-0: Foul Ball, location: 2F
1-1: Called Strike
1-2: Ball
2-2: Ground out 3-1 (Groundball, 34, EV 80.6 MPH)
Bottom of the 4th over - 0 runs, 0 hits, 0 errors, 0 left on base; Columbus 11 - Buffalo 1
TOP OF THE 5TH
Columbus Jets batting - Pitching for Buffalo Bisons : LHP Richard Graser
Batting: RHB Ray Smith 0-0: Ground out 6-3 (Groundball, 6S, EV 80.6 MPH)
Batting: RHB Greg Schultz 0-0: Ball
1-0: Foul Ball, location: 2F
1-1: Ball
2-1: Ball
3-1: Foul Ball, location: 2F
3-2: SINGLE (Groundball, 56D, EV 93.8 MPH)
Batting: RHB Jim Maler 0-0: Ground out U3 (Groundball, 34S, EV 66.3 MPH)
Greg Schultz to second
Batting: RHB Danny Tartabull 0-0: Foul Ball, location: 2F
0-1: Ball
1-1: Ball
2-1: Ball
3-1: Called Strike
3-2: SINGLE (Groundball, 56D, EV 93.8 MPH)
Greg Schultz to third
Greg Schultz scores
Batting: LHB Larry Sheets 0-0: Ball
1-0: Swinging Strike
1-1: 2-RUN HOME RUN (Flyball, 89XD, EV 96.3 MPH), Distance : 405 ft
Pitching: RHP Wade Adamson
Batting: RHB Jackie Gutierrez 0-0: SINGLE (Flyball, 34D, EV 99.4 MPH)
Batting: LHB Paul Hollins 0-0: Ball
1-0: Ball
2-0: Called Strike
2-1: Reached on error, E3 (Groundball, 3, EV 101.3 MPH)
Jackie Gutierrez to second
Batting: RHB Michael Ventress 0-0: Ball
1-0: Ball
2-0: Fly out, F9 (Flyball, 9, EV 93.8 MPH)
Top of the 5th over - 3 runs, 4 hits, 1 error, 2 left on base; Columbus 14 - Buffalo 1
BOTTOM OF THE 5TH
Buffalo Bisons batting - Pitching for Columbus Jets : LHP Larry Edwards
Batting: LHB Bob Skube 0-0: Ball
1-0: Ball
2-0: Called Strike
2-1: Ground out 4-3 (Groundball, 4, EV 76.9 MPH)
Batting: RHB Juan Villa 0-0: Called Strike
0-1: Called Strike
0-2: Ball
1-2: Ball
2-2: Ground out 5-3 (Groundball, 5, EV 101.9 MPH)
Batting: RHB Carlos Matamoros 0-0: Ball
1-0: Ball
2-0: Ball
3-0: Called Strike
3-1: Base on Balls
Batting: SHB George D Wright 0-0: Ball
1-0: Ball
2-0: Ball
3-0: Base on Balls
Carlos Matamoros to second
Batting: LHB Gary Rajsich 0-0: Foul Ball, location: 2F
0-1: Fly out, F5 (Line Drive, 5, EV 71.9 MPH)
Bottom of the 5th over - 0 runs, 0 hits, 0 errors, 2 left on base; Columbus 14 - Buffalo 1
TOP OF THE 6TH
Columbus Jets batting - Pitching for Buffalo Bisons : RHP Wade Adamson
Batting: RHB Glenn Goya 0-0: Called Strike
0-1: Ball
1-1: Ball
2-1: Ground out 4-3 (Groundball, 4, EV 87.5 MPH)
Batting: RHB Ray Smith 0-0: Called Strike
0-1: Called Strike
0-2: Foul Ball, location: 2F
0-2: Ball
1-2: Fly out, F7 (Line Drive, 7D, EV 91.3 MPH)
Batting: RHB Greg Schultz 0-0: Called Strike
0-1: Ball
1-1: Ground out 5-3 (Groundball, 56, EV 101.9 MPH)
Top of the 6th over - 0 runs, 0 hits, 0 errors, 0 left on base; Columbus 14 - Buffalo 1
BOTTOM OF THE 6TH
Buffalo Bisons batting - Pitching for Columbus Jets : LHP Larry Edwards
Batting: RHB Bill Bathe 0-0: Called Strike
0-1: Ball
1-1: Called Strike
1-2: Foul Ball, location: 2F
1-2: Ball
2-2: Foul Ball, location: 2F
2-2: Foul Ball, location: 2F
2-2: Ball
3-2: Foul Ball, location: 2F
3-2: Foul Ball, location: 2F
3-2: Strikes out looking
Batting: RHB John Seefried 0-0: Ball
1-0: Fly out, F8 (Flyball, 89XD, EV 108.1 MPH)
Batting: LHB Doe Boyland 0-0: Foul Ball, location: 2F
0-1: SINGLE (Groundball, 5S, EV 65.0 MPH) (infield hit)
Batting: RHB Pat Keedy 0-0: Called Strike
0-1: Ball
1-1: Swinging Strike
1-2: Strikes out swinging
Bottom of the 6th over - 0 runs, 1 hit, 0 errors, 1 left on base; Columbus 14 - Buffalo 1
TOP OF THE 7TH
Columbus Jets batting - Pitching for Buffalo Bisons : RHP Wade Adamson
Batting: RHB Jim Maler 0-0: Ball
1-0: Ball
2-0: Ground out 6-3 (Groundball, 6, EV 88.8 MPH)
Pinch Hitting: SHB Gary Pellant 0-0: Ball
1-0: Swinging Strike
1-1: Foul Ball, location: 2F
1-2: Foul Ball, location: 2F
1-2: Foul Ball, location: 2F
1-2: Ball
2-2: Foul Ball, location: 2F
2-2: Ball
3-2: Ground out 4-3 (Groundball, 4M, EV 105.0 MPH)
Batting: LHB Larry Sheets 0-0: Called Strike
0-1: Ball
1-1: Ball
2-1: SINGLE (Line Drive, 5D, EV 98.8 MPH)
Batting: RHB Jackie Gutierrez 0-0: Ball
1-0: Fly out, F8 (Line Drive, 8LM, EV 84.4 MPH)
Top of the 7th over - 0 runs, 1 hit, 0 errors, 1 left on base; Columbus 14 - Buffalo 1
BOTTOM OF THE 7TH
Buffalo Bisons batting - Pitching for Columbus Jets : LHP Larry Edwards
Now at 2B: Gary Pellant
Batting: LHB Bob Skube 0-0: Ball
1-0: Foul Ball, location: 2F
1-1: SOLO HOME RUN (Flyball, 9D, EV 93.8 MPH), Distance : 367 ft
Batting: RHB Juan Villa 0-0: Called Strike
0-1: Foul Ball, location: 2F
0-2: Ball
1-2: Ball
2-2: Fly out, F7 (Flyball, 78S, EV 83.1 MPH)
Batting: RHB Carlos Matamoros 0-0: Ground out 6-3 (Groundball, 6, EV 84.4 MPH)
Batting: SHB George D Wright 0-0: Reached via error on a dropped throw from SS, E3 (Groundball, 6, EV 87.5 MPH)
Pinch Hitting: RHB Leopoldo Ortiz 0-0: Called Strike
0-1: SINGLE (Line Drive, 78S, EV 104.4 MPH)
George D Wright to second
Batting: RHB Bill Bathe 0-0: Called Strike
0-1: Foul Ball, location: 2F
0-2: Strikes out looking
Bottom of the 7th over - 1 run, 2 hits, 1 error, 2 left on base; Columbus 14 - Buffalo 2
TOP OF THE 8TH
Columbus Jets batting - Pitching for Buffalo Bisons : RHP Wade Adamson
Now at SS: Nicholas Kintz
Batting: LHB Paul Hollins 0-0: Ball
1-0: Ball
2-0: Foul Ball, location: 2F
2-1: Called Strike
2-2: Strikes out swinging
Batting: RHB Michael Ventress 0-0: Called Strike
0-1: Fly out, F8 (Flyball, 8RM, EV 96.9 MPH)
Batting: RHB Glenn Goya 0-0: Called Strike
0-1: Reached on error, E1 (Groundball, 13S, EV 66.3 MPH)
Batting: RHB Ray Smith 0-0: Ball
1-0: Fly out, F7 (Line Drive, 7, EV 93.1 MPH)
Top of the 8th over - 0 runs, 0 hits, 1 error, 1 left on base; Columbus 14 - Buffalo 2
BOTTOM OF THE 8TH
Buffalo Bisons batting - Pitching for Columbus Jets : LHP Larry Edwards
Batting: RHB John Seefried 0-0: Ball
1-0: Ball
2-0: Ball
3-0: Called Strike
3-1: Foul Ball, location: 2F
3-2: Foul Ball, location: 2F
3-2: Foul Ball, location: 2F
3-2: Fly out, F8 (Flyball, 8RD, EV 95.6 MPH)
Pitching: RHP Jose Alonso
Batting: LHB Doe Boyland 0-0: SINGLE (Groundball, 34D, EV 110.6 MPH)
Batting: RHB Pat Keedy 0-0: Ball
1-0: Ball
2-0: Foul Ball, location: 2F
2-1: Foul Ball, location: 2F
2-2: Ball
3-2: Ground out 4-3 (Groundball, 4, EV 83.8 MPH)
Doe Boyland to second
Batting: LHB Bob Skube 0-0: Ball
1-0: Ball
2-0: Foul Ball, location: 2F
2-1: Swinging Strike
2-2: Strikes out swinging
Bottom of the 8th over - 0 runs, 1 hit, 0 errors, 1 left on base; Columbus 14 - Buffalo 2
TOP OF THE 9TH
Columbus Jets batting - Pitching for Buffalo Bisons : RHP Wade Adamson
Pinch Hitting: RHB Dave Bialas 0-0: Ball
1-0: Called Strike
1-1: Ball
2-1: Ball
3-1: Called Strike
3-2: Strikes out swinging
Batting: RHB Jim Maler 0-0: Foul Ball, location: 2F
0-1: Ball
1-1: Ball
2-1: Fly out, F3 (Popup, 34S, EV 78.8 MPH)
Batting: SHB Gary Pellant 0-0: Ball
1-0: Ball
2-0: Ball
3-0: Called Strike
3-1: Foul Ball, location: 2F
3-2: Base on Balls
Batting: LHB Larry Sheets 0-0: Called Strike
0-1: Ball
1-1: Called Strike
1-2: Ball
2-2: Foul Ball, location: 2F
2-2: Ball
3-2: Base on Balls
Gary Pellant to second
Batting: RHB Jackie Gutierrez 0-0: Fly out, F8 (Flyball, 8RD, EV 101.3 MPH)
Top of the 9th over - 0 runs, 0 hits, 0 errors, 2 left on base; Columbus 14 - Buffalo 2
BOTTOM OF THE 9TH
Buffalo Bisons batting - Pitching for Columbus Jets : RHP Jose Alonso
Now at 3B: Dave Bialas
Batting: RHB Juan Villa 0-0: Ball
1-0: Ball
2-0: Ball
3-0: Called Strike
3-1: Foul Ball, location: 2F
3-2: Fly out, F8 (Line Drive, 8LD, EV 97.5 MPH)
Batting: RHB Carlos Matamoros 0-0: Ball
1-0: Called Strike
1-1: Ball
2-1: SINGLE (Groundball, 34D, EV 109.4 MPH)
Batting: SHB George D Wright 0-0: SINGLE (Line Drive, 7LS, EV 111.9 MPH)
Carlos Matamoros to second
Batting: RHB Nicholas Kintz 0-0: Swinging Strike
0-1: DOUBLE (Groundball, 3L, EV 105.0 MPH)
Carlos Matamoros scores
George D Wright to third
Batting: RHB Bill Bathe 0-0: Swinging Strike
0-1: Called Strike
0-2: Ball
1-2: Ball
2-2: Strikes out swinging
Pinch Hitting: RHB Stephen Chandler 0-0: Ball
1-0: Ball
2-0: Foul Ball, location: 2F
2-1: Foul Ball, location: 2F
2-2: Ball
3-2: Base on Balls
Batting: LHB Doe Boyland 0-0: Ball
1-0: Swinging Strike
1-1: Swinging Strike
1-2: Foul Ball, location: 2F
1-2: Strikes out looking
Bottom of the 9th over - 1 run, 3 hits, 0 errors, 3 left on base; Columbus 14 - Buffalo 3
Thursday, August 20th, 2020 - OOTP Baseball 21.5 Build 76